 Dungeon Crawl Stone Soup version 0.25.0-9-g26727b657a (webtiles) character file.

Game seed: 7996181431460567268

1523 Lekan the Cutter (level 8, -4/78 (79) HPs)
             Began as a Troll Chaos Knight on June 18, 2020.
             Was a Plaything of Xom.
             Killed by nerve-wracking pain
             ... invoked by Menkaure
              (14 damage)
             ... on level 5 of the Dungeon.
             The game lasted 00:35:22 (4335 turns).

Lekan the Cutter (Troll Chaos Knight)               Turns: 4335, Time: 00:35:23

HP:   -4/78 (79)    AC: 11    Str: 21    XL:     8   Next: 54%
MP:   7/7           EV: 11    Int:  8    God:    Xom [....*.]
Gold: 275           SH:  0    Dex:  9    Spells: 7/7 levels left

rFire    + + .     SeeInvis .   o - +0 dagger (drain)
rCold    + . .     Gourm    +   (no shield)
rNeg     . . .     Faith    .   a - +2 robe
rPois    .         Spirit   .   (helmet restricted)
rElec    .         Reflect  .   s - +2 cloak
rCorr    .         Harm     .   (gloves unavailable)
MR       .....                  (boots unavailable)
Stlth    +++.......             q - amulet of the acrobat
HPRegen  0.63/turn              j - ring of protection from fire
MPRegen  0.10/turn              m - ring of stealth

@: no status effects
A: large, unfitting armour, claws 3, hooves 1, blurry vision 1, cold resistance
1, fire resistance 1, fast metabolism 3, gourmand, regeneration 1, shaggy fur 1,
tough skin 3, weak 1, MP-powered wands
a: Renounce Religion


You were on level 5 of the Dungeon.
You worshipped Xom.
You were a beloved toy of Xom.
You were completely stuffed.

You visited 1 branch of the dungeon, and saw 5 of its levels.

You collected 275 gold pieces.

Inventory:

Hand Weapons
 g - the +3 flail "Pacwaz" {pain, rC+ Dex+2}
   (You found it on level 4 of the Dungeon)

   In the hands of one skilled in necromantic magic, it inflicts extra damage on
   living creatures.
   It affects your dexterity (+2).
   It protects you from cold.
 h - a +4 dagger of speed
 o - a +0 dagger of draining (weapon)
Missiles
 d - 43 bolts
 l - 14 poisoned darts (quivered)
 p - 104 arrows
 u - 116 stones
 z - 7 curare-tipped darts
Armour
 a - a +2 robe (worn)
 s - a +2 cloak (worn)
Jewellery
 j - a ring of protection from fire (left claw)
 m - a ring of stealth (right claw)
 q - an amulet of the acrobat (around neck)
Scrolls
 c - 7 scrolls of identify
 e - 2 scrolls of magic mapping
 f - 2 scrolls of blinking
 i - 4 scrolls of remove curse
 n - a scroll of teleportation {unknown}
 v - a scroll of random uselessness
 w - a scroll of fear
 x - a scroll of acquirement {unknown}
 y - 2 scrolls of enchant weapon {unknown}
Potions
 k - 2 potions of flight
 t - 2 potions of curing
Comestibles
 b - 9 rations
 r - 10 chunks of flesh


   Skills:
 * Level 4.5 Fighting
 * Level 5.1 Short Blades
 + Level 2.1 Throwing
 * Level 0.9 Armour
 * Level 4.3 Dodging
 + Level 2.6 Stealth
 - Level 3.1 Unarmed Combat


You had 7 spell levels left.
You didn't know any spells.
Your spell library was empty.

Dungeon Overview and Level Annotations

Branches:
Dungeon (5/15)
 Temple: D:4-7

Altars:
Elyvilon
Xom

Shops:
D:5 =

Annotations:
D:5 Menkaure


Innate Abilities, Weirdness & Mutations

You are too large for most types of armour.
You have claws for hands.
Your metabolism is lightning-fast.
You like to eat raw meat.
Your natural rate of healing is unusually fast.
You are covered in fur. (AC +1)
You have extremely tough skin. (AC +3)
You have large cloven feet.
Scrolls take you a little longer to read.
Your flesh is cold resistant. (rC+)
Your flesh is heat resistant. (rF+)
You are weak. (Str -2)
You expend magic power (3 MP) to strengthen your wands.


Message History

Menkaure is moderately damaged.
Menkaure hits you!
* * * LOW HITPOINT WARNING * * *
Press: ? - help, v - describe, . - travel, g - get item
Here: Menkaure (moderately damaged, fast)
A +0 club.
There is something else lying underneath.
The floor.
You're too full to eat anything.
Really read with blurry vision while enemies are nearby? [Y]es or [N]o only, please.
Really read with blurry vision while enemies are nearby? [Y]es or [N]o only, please.
Really read with blurry vision while enemies are nearby?
Okay, then.
Really read with blurry vision while enemies are nearby?
Menkaure casts a spell at you. Pain shoots through your body!
You die...
Xom chuckles heartily!

.. ## #...........# #. ..
#.##.#####.#### .#+#.#'#+###
#.##..# #..... #.....<...(.
#.###.## #.#### #...#.....([
#.# #..# #..... +(.%+.......
#.# ##.# #>#### #...#......(
#.####.###.#...
#...#......M###......)...#.##
#...#......)@...<..)[###.#.##
#####................###.#...
....................#...
.......########..##o#...
####### ##.##.#... #....#...
#..#.#..) ##.#.##.. #.#.....


You could see Menkaure (fast).

Vanquished Creatures
  3 phantoms
  A sky beast (D:3)
  A necrophage (D:4)
  2 ogres
  A centaur (D:5)
  A big kobold (D:5)
  Blork the orc (D:5)
  A gnoll sergeant (D:5)
  A centaur zombie (D:5)
  A quasit (D:5)
  3 hounds (D:4)
  2 orc wizards
  5 orc priests
  10 adders
  5 gnolls
  An adder skeleton (D:5)
  2 worms
  3 dart slugs
  3 leopard geckos
  19 orcs
  3 ball pythons
  6 giant cockroaches
  13 goblins
  5 hobgoblins
  9 jackals
  4 quokkas
  10 bats
  3 frilled lizards
  A jackal skeleton (D:4)
  16 kobolds
  8 rats
144 creatures vanquished.

Vanquished Creatures (collateral kills)
  3 gnolls (D:3)
3 creatures vanquished.

Grand Total: 147 creatures vanquished

Notes
Turn   | Place    | Note
-------+----------+-------------------------------------------
     0 | D:1      | Lekan the Troll Chaos Knight began the quest for the Orb.
     0 | D:1      | Reached XP level 1. HP: 22/22 MP: 0/0
   271 | D:1      | XOM: potion effect (berserk rage)
   272 | D:1      | XOM: swap monsters
   273 | D:1      | Reached XP level 2. HP: 29/29 MP: 1/1
   359 | D:1      | XOM: draining
   602 | D:1      | XOM: stat loss: -1 Dex (8/9)
   645 | D:1      | Reached XP level 3. HP: 36/36 MP: 2/2
   792 | D:1      | XOM: cloud trail
  1119 | D:2      | Found a white marble altar of Elyvilon.
  1195 | D:2      | Reached skill level 1 in Short Blades
  1317 | D:2      | XOM: 1-stop teleportation journey
  1321 | D:2      | XOM: give mutations
  1321 | D:2      | Gained mutation: Your body sometimes deteriorates upon
                  | taking damage. [Xom's mischief]
  1321 | D:2      | Gained mutation: You expend magic power (3 MP) to
                  | strengthen your wands. [Xom's mischief]
  1321 | D:2      | Gained mutation: Your flesh is heat resistant. (rF+) [Xom's
                  | mischief]
  1418 | D:2      | XOM: polymorph adder -> ball python
  1425 | D:2      | Reached XP level 4. HP: 42/44 MP: 3/3
  1491 | D:2      | XOM: polymorph bat -> ball python
  1548 | D:2      | XOM: noise
  1698 | D:2      | XOM: noise
  1813 | D:2      | XOM: give mutations
  1813 | D:2      | Gained mutation: You occasionally shout uncontrollably at
                  | your foes. [Xom's mischief]
  1813 | D:2      | Lost mutation: You occasionally shout uncontrollably at
                  | your foes. [Xom's mischief]
  1813 | D:2      | Gained mutation: You have large cloven feet. [Xom's
                  | mischief]
  1891 | D:2      | XOM is BORED!
  1989 | D:3      | Noticed a sky beast
  1989 | D:3      | XOM: divination: magic mapping
  2001 | D:3      | XOM: confuse monster(s)
  2010 | D:3      | Killed a sky beast
  2010 | D:3      | Reached skill level 2 in Short Blades
  2010 | D:3      | Reached skill level 1 in Stealth
  2010 | D:3      | Reached XP level 5. HP: 39/53 MP: 4/4
  2354 | D:3      | XOM: cast spell 'Discord'
  2358 | D:3      | Reached XP level 6. HP: 61/61 MP: 5/5
  2755 | D:4      | Reached skill level 3 in Short Blades
  2787 | D:4      | Got a warped flail
  2788 | D:4      | Identified the cursed +3 flail "Pacwaz" {pain, rC+ Dex+2}
                  | (You found it on level 4 of the Dungeon)
  2957 | D:4      | XOM: cleaving
  2958 | D:4      | XOM: summons 5 friendly demons
  2978 | D:4      | XOM: cloud trail
  3002 | D:4      | Reached XP level 7. HP: 42/67 MP: 6/6
  3026 | D:4      | XOM: scenery: create altars
  3113 | D:4      | XOM: god gift: ring mail {god gift}
  3293 | D:4      | Reached skill level 4 in Short Blades
  3435 | D:4      | XOM: summons 4 hostile demons
  3758 | D:5      | XOM: stealth player
  3758 | D:5      | Entered Level 5 of the Dungeon
  3772 | D:5      | XOM: confusion (+ monsters)
  3925 | D:5      | XOM: polymorph crimson imp -> quasit
  3945 | D:5      | Reached skill level 1 in Throwing
  4015 | D:5      | Found Inuamuo's Jewellery Shoppe.
  4015 | D:5      | XOM: 2-stop teleportation journey
  4015 | D:5      | Noticed Blork the orc
  4020 | D:5      | XOM: swap monsters
  4038 | D:5      | Reached XP level 8. HP: 77/77 MP: 7/7
  4047 | D:5      | XOM: confusion (+ monsters)
  4049 | D:5      | XOM: enchant monster (bad)
  4078 | D:5      | Killed Blork the orc
  4131 | D:5      | XOM: give mutations
  4131 | D:5      | Lost mutation: Your body sometimes deteriorates upon taking
                  | damage. [Xom's mischief]
  4131 | D:5      | Gained mutation: Scrolls take you a little longer to read.
                  | [Xom's mischief]
  4131 | D:5      | Gained mutation: Your flesh is cold resistant. (rC+) [Xom's
                  | mischief]
  4131 | D:5      | Gained mutation: You are weak. (Str -2) [Xom's mischief]
  4186 | D:5      | XOM: confusion
  4188 | D:5      | Reached skill level 5 in Short Blades
  4291 | D:5      | XOM: cast spell 'Summon Small Mammal'
  4311 | D:5      | Noticed Menkaure
  4335 | D:5      | Killed from afar by Menkaure

Illustrated notes

Levels and vault maps discovered:
D:1:      lightli_iron_boxes, layout_basic
D:2:      layout_basic, elyvilon_altar_5
D:3:      layout_basic, saegor_snake_ambush
D:4:      layout_loops_ring, chequers_serial_rivers_micro_b
D:5:      layout_basic, lemuel_temple_firewalk_a, first_ration, serial_shops,
          nicolae_shop_statue_plus, uniq_blork_the_orc, uniq_menkaure

Skill      XL: |  1  2  3  4  5  6  7  8 |
---------------+-------------------------+-----
Dodging        | 2 3 4 |  4.3
Short Blades   | 1 2 3 4 5 |  5.1
Fighting       | 3 4 |  4.5
Stealth        | 1 2 |  2.6
Throwing       | 1 2 |  2.1
Armour         | |  0.9
Unarmed Combat | |  3.1

Action                   |  1- 3 |  4- 6 |  7- 9 || total
-------------------------+-------+-------+-------++-------
Melee: Unarmed           |    24 |       |       ||    24
       Dagger            |    81 |   184 |   271 ||   536
       Kick              |       |    37 |    62 ||    99
       Punch             |       |     1 |     2 ||     3
Throw: Stone             |     2 |       |       ||     2
       Dart              |       |       |    13 ||    13
  Use: Scroll            |       |     8 |       ||     8
       Potion            |       |     6 |       ||     6
 Stab: Sleeping          |       |       |     3 ||     3
       Confused          |       |       |     2 ||     2
       Distracted        |       |       |     1 ||     1
  Eat: Chunk             |    18 |    12 |    14 ||    44
Armor: Robe              |    31 |    53 |    78 ||   162
Dodge: Dodged            |    37 |    78 |   103 ||   218
